 Dungeon Crawl Stone Soup version 0.26.0-20-g3ca415f5b8 (webtiles) character file.

Game seed: 9367026290671996167

111 JakoBeide the Poker (level 4, -2/41 HPs)
             Began as a Minotaur Berserker on Jan 25, 2021.
             Was a Priest of Trog.
             Slain by a goblin
             ... wielding a +0 dagger
             ... led by Robin
              (5 damage)
             ... on level 2 of the Dungeon.
             The game lasted 00:05:57 (1612 turns).

JakoBeide the Poker (Minotaur Berserker)            Turns: 1612, Time: 00:05:58

Health: -2/41      AC:  2    Str: 23    XL:     4   Next: 62%
Magic:  3/3        EV: 12    Int:  4    God:    Trog [***...]
Gold:   63         SH:  0    Dex:  9    Spells: 3/3 levels left

rFire    + . .     SeeInvis .   a - +0 spear
rCold    x . .     Faith    .   (no shield)
rNeg     . . .     Spirit   .   l - +0 animal skin (curse)
rPois    .         Reflect  .   (helmet restricted)
rElec    .         Harm     .   (no cloak)
rCorr    .         Rampage  .   (no gloves)
Will     ++...                  (no boots)
Stlth    +.........             (no amulet)
HPRegen  1.13/turn              d - ring of fire
MPRegen  0.08/turn              (no ring)

@: berserk cooldown, regenerating, slowed, very slow
A: retaliatory headbutt, horns 2
a: Renounce Religion, Berserk, Trog's Hand


You were on level 2 of the Dungeon.
You worshipped Trog.
Trog was most pleased with you.
You visited 1 branch of the dungeon, and saw 2 of its levels.

You collected 63 gold pieces.

Inventory:

Hand Weapons
 a - a +0 spear (weapon)
 k - a +0 dagger
Armour
 b - a +1 animal skin
 l - a cursed +0 animal skin (worn)
Jewellery
 d - a ring of fire (left hand)
Scrolls
 f - a scroll of teleportation
 i - a scroll of remove curse
Potions
 e - a potion of brilliance
 g - a potion of berserk rage {unknown}
 j - a potion of heal wounds {unknown}


   Skills:
 + Level 4.5 Fighting
 + Level 5.1 Polearms
 + Level 2.9 Armour
 + Level 3.0 Dodging
 + Level 0.2 Stealth


You had 3 spell levels left.
You didn't know any spells.
Your spell library was empty.

Dungeon Overview and Level Annotations

Branches:
Dungeon (2/15)

Altars:
Trog
Xom
Yredelemnul
Zin

Annotations:
D:2 Robin


Innate Abilities, Weirdness & Mutations

You reflexively headbutt those who attack you in melee.
You have a pair of horns on your head.


Message History

The hobgoblin hits you.
* * * LOW HITPOINT WARNING * * *
The hobgoblin misses you. You furiously retaliate!
You headbutt the hobgoblin.
You kill the hobgoblin!
Trog accepts your kill. The hobgoblin hits you with a +0 club.
* * * LOW HITPOINT WARNING * * *
The goblin hits you but does no damage. The goblin closely misses you.
You puncture the hobgoblin!
You kill the hobgoblin!
Trog accepts your kill. The goblin hits you with a +0 dagger.
* * * LOW HITPOINT WARNING * * *
The hobgoblin hits you with a +0 club.
* * * LOW HITPOINT WARNING * * *
Robin hits you with a +0 dagger.
* * * LOW HITPOINT WARNING * * *
The goblin hits you but does no damage.
You closely miss the goblin. The goblin hits you with a +0 dagger.
You die...

#.#.# ##...†######.###...# #..
....######.....>......†.....# #..
####.....#.....######.####..# #..
####.###.#.#.#.######.####..###..
.......#.#.#.#...................
###.#...#.#..#######...........#
#..._.#......†###.......<.##.#
###.###.....gg).....#####)##.#
#.# #.##.##@###.#.# #.##.#
#####.# #.....g†g.# # #.##.#
##...#.###..###....# #.##.#
............# #.g.... #.##.#
#.#.######(.# #....### ... .#
....######. .......# #.#
#.#........ ...### #.#
#.#..#####. ..#.# #.#..#


You could see Robin, a hobgoblin (strong) and 3 goblins.

Vanquished Creatures
  Jessica (D:2)
  An adder (D:2)
  4 worms (D:2)
  2 dart slugs (D:2)
  2 leopard geckos (D:1)
  3 giant cockroaches
  11 goblins
  9 hobgoblins
  4 jackals (D:1)
  4 kobolds
  A quokka (D:2)
  8 bats (D:1)
  5 frilled lizards (D:1)
  3 rats (D:1)
58 creatures vanquished.

Notes
Turn   | Place    | Note
-------+----------+-------------------------------------------
     0 | D:1      | JakoBeide the Minotaur Berserker began the quest for the
                  | Orb.
     0 | D:1      | Reached XP level 1. HP: 19/19 MP: 0/0
   155 | D:1      | Reached XP level 2. HP: 27/27 MP: 1/1
   412 | D:1      | Reached skill level 4 in Polearms
   441 | D:1      | Reached ** piety under Trog
   717 | D:1      | Reached XP level 3. HP: 33/33 MP: 2/2
  1149 | D:2      | Found a basalt altar of Yredelemnul.
  1166 | D:2      | Noticed an angel
  1167 | D:2      | Found a glowing silver altar of Zin.
  1168 | D:2      | Found a shimmering altar of Xom.
  1296 | D:2      | Noticed Jessica
  1303 | D:2      | Killed Jessica
  1304 | D:2      | Reached XP level 4. HP: 41/41 MP: 3/3
  1324 | D:2      | Found a bloodstained altar of Trog.
  1537 | D:2      | Reached skill level 5 in Polearms
  1600 | D:2      | Noticed Robin
  1609 | D:2      | Reached *** piety under Trog
  1611 | D:2      | HP: 1/41 [Robin/+0 dagger (4)]
  1612 | D:2      | Slain by a goblin

Illustrated notes

Levels and vault maps discovered:
D:1:      minmay_arrival_four_loops, layout_loops_ring
D:2:      layout_loops_ring, grunt_temple_overflow_order_and_chaos_1,
          bloody_trog, overflow_temple_1_default, minmay_surrounded, uniq_robin,
          uniq_jessica

Skill      XL: |  1  2  3  4 |
---------------+-------------+-----
Fighting       | 4 |  4.5
Polearms       | 4 5 |  5.1
Dodging        | 3 |  3.0
Armour         | |  2.9
Stealth        | |  0.2

Action                   |  1- 3 |  4- 6 || total
-------------------------+-------+-------++-------
Melee: Spear             |    80 |    31 ||   111
       Headbutt          |    16 |     4 ||    20
Invok: Berserk           |       |     1 ||     1
       Trog's Hand       |       |     1 ||     1
  Use: Scroll            |     4 |     3 ||     7
Armor: Animal skin       |    15 |     3 ||    18
Dodge: Dodged            |    59 |    18 ||    77
